 Dungeon Crawl Stone Soup version 0.29.1 (webtiles) character file.

Game seed: 6355503660987317192

444 UrbsNomen the Digger (level 7, -2/36 HPs)
             Began as a Gargoyle Earth Elementalist on Sept 12, 2022.
             Was a Follower of Vehumet.
             Slain by a yak (10 damage)
             ... on level 5 of the Dungeon on Sept 13, 2022.
             The game lasted 00:47:42 (4451 turns).

UrbsNomen the Digger (Gargoyle Earth Elementalist)  Turns: 4451, Time: 00:47:43

Health: -2/36      AC: 10    Str: 12    XL:     7   Next: 3%
Magic:  8/10       EV: 12    Int: 19    God:    Vehumet [*.....]
Gold:   102        SH:  0    Dex: 10    Spells: 4/10 levels left

rFire   + + .      SeeInvis .   j - +8 sling of Bloody Death {venom, rF++}
rCold   . . .      Faith    .   (no shield)
rNeg    + . .      Spirit   .   r - +0 robe "Esaecos" {Int+2}
rPois   ∞          Reflect  .   p - +0 helmet
rElec   +          Harm     .   z - +0 cloak
rCorr   .          Rampage  .   q - +0 pair of gloves
Will    .....                   B - +0 pair of boots
Stlth   ++........              g - amulet of the acrobat
HPRegen 0.12/turn               (no ring)
MPRegen 0.12/turn               (no ring)

@: no status effects
A: sickness immunity, AC +4, negative energy resistance 1, electricity
resistance, torment resistance 1, petrification resistance
a: Renounce Religion


You were on level 5 of the Dungeon.
You worshipped Vehumet.
Vehumet was aware of your devotion.
You visited 1 branch of the dungeon, and saw 5 of its levels.

You collected 266 gold pieces.
You spent 164 gold pieces at shops.

Inventory:

Hand Weapons
 c - a +0 dagger
 j - the +8 sling of Bloody Death (weapon) {venom, rF++}
   (You found it on level 2 of the Dungeon)

   Any ammunition fired from it poisons the flesh of those it strikes.
   rF:        It greatly protects you from fire.
 y - a +2 quarterstaff of chaos
Missiles
 k - 34 stones
 x - 19 poisoned darts
Armour
 p - a +0 helmet (worn)
 q - a +0 pair of gloves (worn)
 r - the +0 robe "Esaecos" (worn) {Int+2}
   (You bought it in a shop on level 3 of the Dungeon)

   Int:       It affects your intelligence (+2).
 z - a +0 cloak (worn)
 B - a +0 pair of boots (worn)
Jewellery
 g - an amulet of the acrobat (around neck)
Scrolls
 d - a scroll of identify
 e - a scroll of amnesia {unknown}
 m - a scroll of vulnerability {unknown}
 n - a scroll of fear
 s - a scroll of enchant weapon {unknown}
 A - a scroll of immolation {unknown}
Potions
 b - a potion of magic
 f - a potion of degeneration {unknown}
 i - a potion of heal wounds {unknown}
 l - 2 potions of lignification
 o - 3 potions of flight
 t - a potion of mutation {unknown}
 u - a potion of curing {unknown}
 v - a potion of might {unknown}
 w - a potion of attraction {unknown}


   Skills:
 - Level 2.0 Dodging
 - Level 2.1 Stealth
 - Level 2.0 Spellcasting
 * Level 4.6 Conjurations
 - Level 1.0 Transmutations
 + Level 7.2 Earth Magic


You had 4 spell levels left.
You knew the following spells:

 Your Spells              Type           Power      Damage    Failure   Level
a - Sandblast             Erth           58%        2d13      1%          1
b - Stone Arrow           Conj/Erth      48%        3d10      4%          3
c - Passwall              Tmut/Erth      14%        N/A       4%          2

Your spell library contained the following spells:

 Spells                   Type           Power      Damage    Failure   Level
 Foxfire                  Conj/Fire      40%        2x1d6     6%          1
 Petrify                  Tmut/Erth      17%        N/A       30%         4


Dungeon Overview and Level Annotations

Branches:
Dungeon (5/15)
 Temple: D:4-7

Altars:
Ashenzari
Cheibriados
Sif Muna
Vehumet
The Shining One

Shops:
D:3 [   D:4 (

Annotations:
D:5 Sigmund


Innate Abilities, Weirdness & Mutations

You are immune to sickness and miasma.
Your stone body is resilient. (AC +4)
You are immune to poison.
You resist negative energy. (rN+)
You are resistant to electric shocks. (rElec)
You are resistant to unholy torment.
You are immune to petrification.


Message History

You kill the quokka!
Vehumet accepts your kill.
You see here a quokka corpse.
Sigmund the Dreaded comes into view.
He is wielding a +3 scythe of flaming.
You are a level 7 Gargoyle Earth Elementalist.
You are 3% of the way to level 8.
Play time: 00:46:27 (4426 turns).
Zot will find you in 25506 turns if you stay in this branch and explore no new floors.
Press: ? - help, . - travel You can't see that place. [the floor.] Placed new exclusion.
You open the door.
There is an open door here.
You open the door.
A yak comes into view. 3 yaks come into view.
There is an open door here.
There is an open door here.
A centaur comes into view.
The centaur wields a +0 shortbow.
The centaur shoots an arrow.
The arrow hits you but does no damage.
The centaur shoots an arrow.
The arrow barely misses you.
The centaur shoots an arrow.
The arrow closely misses you.
Casting: Passwall (safe; 4% risk of failure)
Confirm with . or Enter, or press ? or * to list all spells.
Okay, then.
Casting: Passwall (safe; 4% risk of failure)
Confirm with . or Enter, or press ? or * to list all spells.
Aiming: Passwall (safe; 4% risk of failure)
Press: ? - help, Dir - move target A rock wall.
The centaur shoots an arrow.
The arrow hits you!
The centaur shoots an arrow.
The arrow hits you!
You begin to meditate on the wall.
You continue meditating on the rock.
The centaur shoots an arrow.
The arrow misses you.
You continue meditating on the rock.
The centaur shoots an arrow.
The arrow hits you.
* * * LOW HITPOINT WARNING * * *
The yak gores you!
You die...

............ ..........
......... ######
#.....####..<.#........
.#.....'.......#........
.'.....#.......#........
#.c...#.......#........
#.....#########........
#........@.............
#........Y.............
#...#.[....................
#...#..............##+#####
#...######.........#
#...#....#.........#
#...#....#.........#
#...#....#...†.....#
#...#..Y.'.........#


You could see a yak and a centaur.

Vanquished Creatures
  Duvessa (D:4)
  Dowan (D:4)
  A jelly (D:4)
  An orc priest (D:4)
  Crazy Yiuf (D:4)
  2 orc wizards (D:4)
  3 gnolls (D:4)
  4 adders
  A worm (D:3)
  2 dart slugs
  3 orcs
  4 endoplasms
  2 giant cockroaches (D:4)
  9 goblins
  2 hobgoblins
  2 jackals (D:4)
  9 quokkas
  11 ball pythons
  7 bats
  2 frilled lizards (D:1)
  10 kobolds
  4 rats
82 creatures vanquished.

Notes
Turn   | Place    | Note
-------+----------+-------------------------------------------
     0 | D:1      | UrbsNomen the Gargoyle Earth Elementalist began the quest
                  | for the Orb.
     0 | D:1      | Reached XP level 1. HP: 10/10 MP: 3/3
   133 | D:1      | Reached skill level 4 in Earth Magic
   168 | D:1      | Reached XP level 2. HP: 15/15 MP: 1/5
   864 | D:2      | Reached skill level 5 in Earth Magic
   864 | D:2      | Reached XP level 3. HP: 19/19 MP: 4/6
   868 | D:2      | Learned a level 3 spell: Stone Arrow
   871 | D:2      | Learned a level 2 spell: Passwall
  1217 | D:2      | Found a broken altar of Ashenzari.
  1222 | D:2      | Reached XP level 4. HP: 24/24 MP: 3/7
  1401 | D:2      | Reached skill level 6 in Earth Magic
  1623 | D:2      | Identified the +8 sling of Bloody Death {venom, rF++}
  1865 | D:3      | Upgraded the game from 0.29.0-15-g675c0067aa to 0.29.1
  2229 | D:3      | Found a faded altar of an unknown god.
  2296 | D:3      | Found Niytekh's Armour Shop.
  2302 | D:3      | Bought a +0 pair of gloves for 45 gold pieces
  2302 | D:3      | Bought the +0 robe "Esaecos" {Int+2} for 119 gold pieces
  2722 | D:3      | Found a snail-covered altar of Cheibriados.
  2729 | D:3      | Found a radiant altar of Vehumet.
  2731 | D:3      | Found a shimmering blue altar of Sif Muna.
  2734 | D:3      | Became a worshipper of Vehumet
  2736 | D:3      | Found a glowing golden altar of the Shining One.
  3031 | D:4      | Reached skill level 1 in Conjurations
  3031 | D:4      | Reached skill level 1 in Transmutations
  3035 | D:4      | Reached XP level 5. HP: 28/28 MP: 5/8
  3224 | D:4      | Reached XP level 6. HP: 16/32 MP: 4/9
  3502 | D:4      | Found a runed translucent door.
  3503 | D:4      | Noticed Crazy Yiuf
  3508 | D:4      | Killed Crazy Yiuf
  3673 | D:4      | Reached * piety under Vehumet
  3673 | D:4      | Offered knowledge of Foxfire by Vehumet.
  3675 | D:4      | Noticed Dowan
  3678 | D:4      | Noticed Duvessa
  3816 | D:4      | Killed Dowan
  3820 | D:4      | Killed Duvessa
  3821 | D:4      | Reached skill level 7 in Earth Magic
  3821 | D:4      | Reached XP level 7. HP: 18/36 MP: 0/10
  4013 | D:4      | Found Isaqa's Antique Weapon Emporium.
  4248 | D:5      | Entered Level 5 of the Dungeon
  4424 | D:5      | Noticed Sigmund
  4434 | D:5      | Noticed a yak
  4435 | D:5      | Noticed a yak
  4435 | D:5      | Noticed a yak
  4435 | D:5      | Noticed a yak
  4451 | D:5      | Slain by a yak

Illustrated notes

Levels and vault maps discovered:
D:1:      dpeg_arrival_castle, layout_rooms, minmay_shallow_snake_nest
D:2:      layout_basic, basic_altar
D:3:      layout_loops_corners, minitemple, serial_shops, shop,
          hellmonk_ecumenical_altar_arch_garden, serial_park_tiny_1
D:4:      layout_basic, serial_shops, nicolae_shop_statue_plus,
          uniq_crazy_yiuf_cottage, uniq_duvessa
D:5:      layout_gridville, minmay_temple_entry_stoned_glass,
          hangedman_decor_clover_reticule, serial_park_tiny_1, uniq_sigmund

Skill      XL: |  1  2  3  4  5  6 |
---------------+-------------------+-----
Earth Magic    | 4 5 6 7 |  7.2
Conjurations   | 1 3 4 |  4.6
Transmutations | 1 |  1.0
Dodging        | 2 |  2.0
Stealth        | |  2.1
Spellcasting   | |  2.0

Action                   |  1- 3 |  4- 6 |  7- 9 || total
-------------------------+-------+-------+-------++-------
 Fire: Sling             |       |    34 |     7 ||    41
 Cast: Sandblast         |    49 |    39 |     1 ||    89
       Stone Arrow       |       |     7 |       ||     7
       Passwall          |       |     4 |     2 ||     6
  Use: Scroll            |       |     1 |     3 ||     4
       Potion            |       |     1 |       ||     1
Armor: Robe              |     4 |       |     1 ||     5
Dodge: Dodged            |     4 |    15 |     3 ||    22
